 Dungeon Crawl Stone Soup version 0.29-a0-321-gf1c400731a (webtiles) character file.

Game seed: 12682095632765974521

4642 Ijustatesigmund the Thaumaturge (level 10, -8/58 HPs)
             Began as a Deep Elf Necromancer on Apr 4, 2022.
             Mangled by Erica
             ... wielding a +4 scimitar of flaming
              (9 damage)
             ... on level 8 of the Dungeon.
             The game lasted 00:37:24 (13497 turns).

Ijustatesigmund the Thaumaturge (DENe)             Turns: 13497, Time: 00:37:25

Health: -8/58      AC: 10    Str:  7    XL:     10   Next: 20%
Magic:  24/27      EV: 15    Int: 23    God:
Gold:   137        SH:  4    Dex: 15    Spells: 17/31 levels left

rFire   . . .      SeeInvis .   c - staff of death
rCold   . . .      Faith    .   f - +0 buckler
rNeg    + + .      Spirit   .   a - +0 steam dragon scales
rPois   .          Reflect  .   j - +1 helmet
rElec   .          Harm     .   m - +1 cloak
rCorr   .          Rampage  .   (no gloves)
Will    +....                   (no boots)
Stlth   ++........              (no amulet)
HPRegen 0.19/turn               o - ring of positive energy
MPRegen 0.20/turn               (no ring)

@: slowed, very slow
A: no striking features
a: no special abilities


You were on level 8 of the Dungeon.
You visited 2 branches of the dungeon, and saw 11 of its levels.

You collected 548 gold pieces.
You spent 411 gold pieces at shops.

Inventory:

Hand Weapons
 h - a +1 mace of protection
 u - a +2 vampiric dagger
Armour
 a - +0 steam dragon scales (worn)
 f - a +0 buckler (worn)
 g - a +0 kite shield
 j - a +1 helmet (worn)
 m - a +1 cloak (worn)
Magical Staves
 c - a staff of death (weapon)
Jewellery
 o - a ring of positive energy (left hand)
Wands
 e - a wand of polymorph (6)
 t - a wand of charming (5)
Scrolls
 d - a scroll of identify
 p - 2 scrolls of fog
 q - 3 scrolls of magic mapping
 s - 4 scrolls of amnesia
 w - a scroll of fear
 D - a scroll of immolation
 E - a scroll of holy word
Potions
 b - 2 potions of magic
 i - 2 potions of curing
 k - 2 potions of brilliance
 l - a potion of haste
 n - 6 potions of attraction
 r - 2 potions of flight
 v - a potion of ambrosia
 z - a potion of lignification {unknown}
 B - a potion of mutation {unknown}
 C - 2 potions of degeneration {unknown}


   Skills:
 + Level 4.7 Fighting
 - Level 2.0(2.2) Maces & Flails
 - Level 1.9(2.6) Staves
 + Level 3.5 Armour
 - Level 8.1 Dodging
 - Level 2.4 Stealth
 - Level 2.5 Shields
 - Level 11.0 Spellcasting
 - Level 10.0 Necromancy
 + Level 2.3 Translocations
 - Level 5.0 Evocations


You had 17 spell levels left.
You knew the following spells:

 Your Spells              Type           Power      Damage    Failure   Level
a - Pain                  Necr           100%       1d9       1%          1
b - Vampiric Draining     Necr           73%        2d11      1%          3
c - Animate Dead          Necr           36%        N/A       1%          4
d - Agony                 Necr           73%        N/A       3%          5
e - Apportation           Tloc           46%        N/A       2%          1

Your spell library contained the following spells:

 Spells                   Type           Power      Damage    Failure   Level
 Animate Skeleton         Necr           100%       N/A       1%          1
 Sublimation of Blood     Necr           73%        N/A       1%          2
 Beastly Appendage        Tmut           24%        N/A       7%          1
 Shock                    Conj/Air       48%        1d6       7%          1
 Summon Small Mammal      Summ           48%        N/A       7%          1
 Wereblood                Tmut           12%        N/A       10%         2
 Spider Form              Tmut/Pois      12%        N/A       21%         3
 Swiftness                Air            12%        N/A       21%         3
 Airstrike                Air            6%         N/A       54%         4
 Petrify                  Tmut/Erth      12%        N/A       54%         4
 Irradiate                Conj/Tmut      6%         3d15      88%         5
 Conjure Ball Lightning   Conj/Air       6%         3x3d6     100%        6
 Discord                  Hex            6%         N/A       100%        8
 Disjunction              Tloc           11%        N/A       100%        8


Dungeon Overview and Level Annotations

Branches:
Dungeon (10/15)            Temple (1/1) D:5             Orc (0/2) D:9
   Lair: D:8-11

Altars:
Ashenzari
Dithmenos
Elyvilon
Fedhas
Gozag
Hepliaklqana
Kikubaaqudgha
Nemelex Xobeh
Okawaru
Qazlal
Ru
Sif Muna
Trog
Uskayaw
Vehumet
Wu Jian
Xom
Yredelemnul
Zin
The Shining One

Shops:
D:4 :   D:6 ?

Annotations:
D:9 Erica


Message History

Confirm with . or Enter, or press ? or * to list all spells.
You can't see any susceptible monsters within range! (Use Z to cast anyway.)
Casting: Pain (safe; 1% risk of failure)
Confirm with . or Enter, or press ? or * to list all spells.
Aiming: Pain (safe; 1% risk of failure)
Press: ? - help, Shift-Dir - straight line You feel a surge of power!
Nothing appears to happen.
You hear some strange, mumbled words.
You feel yourself slow down.
You feel much better. Something hits you! Something burns you.
Casting: Pain (safe; 1% risk of failure)
Confirm with . or Enter, or press ? or * to list all spells.
You can't see any susceptible monsters within range! (Use Z to cast anyway.)
Casting: Pain (safe; 1% risk of failure)
Confirm with . or Enter, or press ? or * to list all spells.
Aiming: Pain (safe; 1% risk of failure)
Press: ? - help, Shift-Dir - straight line You feel a surge of power!
Nothing appears to happen.
Something hits you. Something burns you. Something hits you!
* * * LOW HITPOINT WARNING * * *
Something burns you.
* * * LOW HITPOINT WARNING * * *
You feel much better. Something hits you! Something burns you.
Casting: Pain (safe; 1% risk of failure)
Confirm with . or Enter, or press ? or * to list all spells.
Okay, then.
Unknown command.
Casting: Pain (safe; 1% risk of failure)
Confirm with . or Enter, or press ? or * to list all spells.
You can't see any susceptible monsters within range! (Use Z to cast anyway.)
Casting: Pain (safe; 1% risk of failure)
Confirm with . or Enter, or press ? or * to list all spells.
Aiming: Pain (safe; 1% risk of failure)
Press: ? - help, Shift-Dir - straight line You feel a surge of power!
Something writhes in agony.
Something hits you!
* * * LOW HITPOINT WARNING * * *
Something burns you.
* * * LOW HITPOINT WARNING * * *
Something hits you!
You die...

#.....###.###.#..
#...#..#...#..#..
#...#...._....#..
#######..[#..#...#..###
#...........###.###.# #
#............#...#..# #
#...................# #
#########........#..###
#....@{>..............
#.#####..............#
#.# #........[.....#
#.# #..............#
#.# #.#######......#
#.# #..............'
#.# #########......#
#)# ######## #.# #


There were no monsters in sight!

Vanquished Creatures
  Pikel (D:8)
  A slime creature (D:6)
  Sigmund (D:3)
  3 steam dragons
  Menkaure (D:7)
  An acid dragon (D:8)
  A water moccasin (D:8)
  An ice beast (D:7)
  2 sky beasts
  2 orc warriors
  4 ogres
  3 centaurs
  2 lemures
  3 bullfrogs
  2 kobold brigands
  A necrophage (D:6)
  4 scorpions
  3 wights (D:8)
  4 howler monkeys
  8 jellies
  4 orc priests
  3 gnoll shamans
  Terence (D:3)
  6 iguanas
  4 orc wizards
  14 gnolls
  9 adders
  3 white imps
  An ufetubus (D:8)
  A worm (D:3)
  7 dart slugs
  27 orcs
  7 bats
  12 endoplasms
  3 giant cockroaches
  11 goblins
  4 hobgoblins
  3 jackals (D:1)
  3 quokkas
  13 ball pythons
  3 frilled lizards
  A hobgoblin zombie (D:9)
  12 kobolds
  An orc zombie (D:9)
  2 rats
203 creatures vanquished.

Vanquished Creatures (others)
  4 fungi (D:6)
  11 toadstools (D:6)
15 creatures vanquished.

Grand Total: 218 creatures vanquished

Notes
Turn   | Place    | Note
-------+----------+-------------------------------------------
     0 | D:1      | Ijustatesigmund the Deep Elf Necromancer began the quest
                  | for the Orb.
     0 | D:1      | Reached XP level 1. HP: 10/10 MP: 6/6
   165 | D:1      | Reached skill level 5 in Necromancy
   591 | D:1      | Reached XP level 2. HP: 14/15 MP: 5/8
  1592 | D:2      | Reached skill level 4 in Spellcasting
  1592 | D:2      | Reached XP level 3. HP: 14/19 MP: 4/10
  2082 | D:2      | Reached XP level 4. HP: 7/24 MP: 6/12
  2373 | D:2      | Learned a level 3 spell: Vampiric Draining
  2718 | D:2      | Found a faded altar of an unknown god.
  2818 | D:2      | Reached skill level 5 in Spellcasting
  2979 | D:2      | Found a blossoming altar of Fedhas.
  3312 | D:3      | Reached skill level 9 in Spellcasting
  3312 | D:3      | Reached skill level 10 in Necromancy
  3312 | D:3      | Reached XP level 5. HP: 28/28 MP: 14/19
  3318 | D:3      | Learned a level 4 spell: Animate Dead
  3324 | D:3      | Learned a level 5 spell: Agony
  3352 | D:3      | Noticed Terence
  3357 | D:3      | Killed Terence
  3748 | D:3      | Reached XP level 6. HP: 18/32 MP: 8/20
  3906 | D:3      | Identified the +1 robe of Subjectivity {Harm +Blink rElec}
  3948 | D:3      | Noticed Sigmund
  4183 | D:4      | Reached skill level 1 in Fighting
  4183 | D:4      | Reached skill level 1 in Maces & Flails
  4423 | D:4      | Found a shadowy altar of Dithmenos.
  4424 | D:4      | Found Tuicekar's Book Shop.
  4824 | D:4      | Reached XP level 7. HP: 34/38 MP: 14/22
  4906 | D:4      | Reached skill level 1 in Shields
  5155 | D:5      | Entered Level 5 of the Dungeon
  5559 | D:5      | Found a hide-covered altar of Uskayaw.
  5566 | D:5      | Learned a level 1 spell: Apportation
  5573 | D:5      | Found a staircase to the Ecumenical Temple.
  5600 | Temple   | Entered the Ecumenical Temple
  6294 | D:3      | Killed Sigmund
  6295 | D:3      | Reached skill level 1 in Staves
  6295 | D:3      | Reached XP level 8. HP: 39/45 MP: 11/23
  6869 | D:6      | Found Sadeab's Magic Scroll Shoppe.
  6951 | D:6      | Bought a scroll of teleportation for 45 gold pieces
  6951 | D:6      | Bought a scroll of identify for 30 gold pieces
  6951 | D:6      | Bought a scroll of blinking for 112 gold pieces
  6977 | D:6      | Bought a scroll of identify for 30 gold pieces
  6977 | D:6      | Bought a scroll of identify for 30 gold pieces
  6984 | D:6      | Found an iron altar of Okawaru.
  7299 | D:6      | Reached skill level 1 in Evocations
  7334 | D:6      | Noticed a slime creature
  7366 | D:6      | Killed a slime creature
  8194 | D:6      | Found a shimmering blue altar of Sif Muna.
  8274 | D:6      | Reached XP level 9. HP: 49/49 MP: 20/24
  8277 | D:6      | Reached skill level 5 in Evocations
  8351 | D:6      | Reached skill level 10 in Spellcasting
  8847 | D:6      | Found a sparkling altar of Nemelex Xobeh.
  9074 | D:7      | Noticed Menkaure
  9367 | D:7      | Reached skill level 1 in Armour
  9506 | D:7      | Found a broken altar of Ashenzari.
 10156 | D:8      | Found a radiant altar of Vehumet.
 10161 | D:8      | Noticed Pikel
 10550 | D:9      | Noticed Erica
 10556 | D:9      | HP: 1/51 [Erica/bolt of poison (22)]
 10558 | D:9      | Found a staircase to the Orcish Mines.
 10678 | D:10     | Entered Level 10 of the Dungeon
 11300 | D:8      | Killed Pikel
 11301 | D:8      | Reached skill level 11 in Spellcasting
 11691 | D:8      | Reached XP level 10. HP: 44/57 MP: 21/27
 11809 | D:7      | Killed Menkaure
 12048 | D:7      | Reached skill level 1 in Translocations
 12748 | D:6      | Bought a scroll of magic mapping for 52 gold pieces
 12748 | D:6      | Bought a scroll of holy word for 112 gold pieces
 13497 | D:8      | HP: 1/58 [something (3)]
 13497 | D:8      | Mangled by Erica

Illustrated notes

Levels and vault maps discovered:
D:1:      zelgadis_glass_arrival_small, layout_loops_ring
D:2:      layout_basic, basic_altar, hellmonk_ecumenical_altar_crossroads,
          chequers_serial_rivers_micro_a
D:3:      minmay_octagon_keep, layout_basic, amethyst_killhole, uniq_sigmund,
          uniq_terence
D:4:      layout_basic, grunt_dithmenos_smoke, serial_shops, shop,
          dk_rats_in_the_wall
D:5:      layout_rooms, nicolae_overflow_crystal_walls,
          minmay_temple_entry_grid, due_unseen_surprise
D:6:      cheibrodos_fertilizer, layout_basic, nemelex_dance_club_becter,
          mainiacjoe_overflow_alcove_2, okawaru_gym_becter,
          nicolae_stop_n_shop_2
D:7:      layout_gridville, mainiacjoe_overflow_24_doors, uniq_menkaure
D:8:      layout_basic, vehumet_crystals, uniq_pikel
D:9:      layout_rooms, general_overflow_altar, zombieorc2_lemuel, uniq_erica
D:10:     layout_loops_ring, chei_slow_surprise, due_lair_maze_entry_diamond,
          minmay_rotating_lava
Temple:   cyrus_circular_temple

Skill      XL: |  1  2  3  4  5  6  7  8  9 10 |
---------------+-------------------------------+-----
Necromancy     | 5 10 | 10.0
Spellcasting   | 4 9 11 | 11.0
Dodging        | 8 |  8.1
Fighting       | 1 2 4 |  4.7
Maces & Flails | 1 2 |  2.0
Shields        | 2 |  2.5
Staves         | 1 |  1.9
Evocations     | 4 5 |  5.0
Armour         | 2 3 |  3.5
Translocations | 2 |  2.3
Stealth        | |  2.4

Action                   |  1- 3 |  4- 6 |  7- 9 | 10-12 || total
-------------------------+-------+-------+-------+-------++-------
Melee: Short sword       |       |     1 |       |       ||     1
       Staff             |       |       |    72 |    18 ||    90
       Mace              |       |       |    25 |       ||    25
 Cast: Pain              |    59 |   106 |   158 |    30 ||   353
       Vampiric Draining |       |     5 |    82 |    10 ||    97
       Agony             |       |       |    12 |     1 ||    13
Evoke: Wand              |       |       |    15 |    11 ||    26
  Use: Scroll            |       |     8 |    15 |     2 ||    25
       Potion            |       |     1 |     2 |     5 ||     8
Armor: Robe              |     2 |     2 |    16 |       ||    20
       Steam dragon scal |       |       |    52 |     4 ||    56
Dodge: Dodged            |     5 |    14 |   167 |    35 ||   221
Block: Buckler           |       |     2 |    46 |     3 ||    51

Table legend: (Time is in decaauts)
 A = Elapsed time spent in this place.
 B = Non-inter-level travel time spent in this place.
 C = Inter-level travel time spent in this place.
 D = Time resting spent in this place.
 E = Time spent auto-exploring this place.
 F = Levels seen in this place.
 G = Mean time per level.
                   A        B        C        D        E       F      G
               +--------+--------+--------+--------+--------+-----+--------+
         Total |  13528 |  13157 |    371 |   5338 |   6148 |  11 | 1229.8 |
       Dungeon |  13401 |  13038 |    363 |   5338 |   6047 |  10 | 1340.1 |
        Temple |    127 |    119 |      8 |      0 |    101 |   1 |  127.0 |
               +--------+--------+--------+--------+--------+-----+--------+

Top non-repeatable levels by time:
     D:6: 2262 daAuts
     D:8: 1772 daAuts
     D:2: 1755 daAuts
     D:1: 1564 daAuts
     D:7: 1524 daAuts
     D:3: 1371 daAuts
     D:4: 1247 daAuts
     D:5: 836 daAuts
     D:9: 661 daAuts
    D:10: 404 daAuts
  Temple: 127 daAuts
